 Dungeon Crawl Stone Soup version 0.24.0-13-gcf9b3192b9 (webtiles) character file.

Game seed: 13564247764122017645, levelgen mode: deterministic

16 Monsterracer the Slasher (level 2, -1/21 HPs)
             Began as a Halfling Chaos Knight on Nov 7, 2019.
             Was a Plaything of Xom.
             Engulfed by a death drake (shapeshifter)'s foul pestilence (3 damage)
             ... on level 1 of the Dungeon.
             The game lasted 00:01:12 (362 turns).

Monsterracer the Slasher (Halfling Chaos Knight)     Turns: 362, Time: 00:01:12

Health: -1/21      AC:  5    Str: 13    XL:     2   Next: 70%
Magic:  2/2        EV: 13    Int: 10    God:    Xom [...*..]
Gold:   9          SH:  0    Dex: 13    Spells: 1/1 levels left

rFire    . . .     SeeInvis .   a - +0 falchion (chaos)
rCold    . . .     Gourm    .   (shield restricted)
rNeg     . . .     Faith    .   b - +2 leather armour
rPois    .         Spirit   .   (no helmet)
rElec    .         Reflect  .   (no cloak)
rCorr    .         Harm     .   (no gloves)
MR       .....                  (no boots)
Stlth    +.........             (no amulet)
HPRegen  0.07/turn              (no ring)
MPRegen  0.08/turn              (no ring)

@: lethally poisoned (-1 -> -48)
A: small, mutation resistance 1
a: Renounce Religion


You were on level 1 of the Dungeon.
You worshipped Xom.
You were a favourite toy of Xom.
You were not hungry.

You visited 1 branch of the dungeon, and saw 1 of its levels.

You collected 9 gold pieces.

Inventory:

Hand Weapons
 a - a +0 falchion of chaos (weapon)
Armour
 b - a +2 leather armour (worn)
Comestibles
 c - a ration


   Skills:
 + Level 3.0 Fighting
 * Level 3.5 Long Blades
 - Level 2.1 Armour
 - Level 1.1 Dodging


You had one spell level left.
You didn't know any spells.
Your spell library was empty.

Dungeon Overview and Level Annotations

Branches:
Dungeon (1/15)

Altars:


Innate Abilities, Weirdness & Mutations

You are small and have problems with some larger weapons.
You are somewhat resistant to further mutation.


Message History

Your ufetubus hits the human. Your ufetubus hits the human.
Your ufetubus hits the human but does no damage.
The human hits you but does no damage.
Your ufetubus completely misses the human.
Your ufetubus hits the human but does no damage.
You barely miss the human.
The human is moderately wounded.
Your ufetubus hits the human but does no damage. x2
The human gestures wildly.
Your ufetubus hits the human. x2; The human hits you.
Your ufetubus closely misses the human. x2
You hit the human.
The human is poisoned.
The human is severely wounded.
The human seems less confused.
The human changes into a queen bee!
Your ufetubus hits the queen bee.
Your ufetubus closely misses the queen bee.
You hit the queen bee but do no damage.
The queen bee is heavily wounded.
Your ufetubus barely misses the queen bee.
Your ufetubus completely misses the queen bee.
Your ufetubus hits the queen bee but does no damage.
Your ufetubus closely misses the queen bee.
You strike the helpless queen bee from behind!
You hit the queen bee.
The queen bee is severely wounded.
The queen bee changes into a komodo dragon!
Your ufetubus hits the komodo dragon but does no damage.
Your ufetubus barely misses the komodo dragon.
Your ufetubus completely misses the komodo dragon.
Your ufetubus barely misses the komodo dragon.
You hit the komodo dragon but do no damage.
The komodo dragon is lightly wounded.
Your ufetubus hits the komodo dragon but does no damage. x2
The komodo dragon bites you!
Ouch! That really hurt!
* * * LOW HITPOINT WARNING * * *
Xom thinks this is hilarious!
A shower of butterflies erupts from you!
Your ufetubus barely misses the komodo dragon.
Your ufetubus hits the komodo dragon. Your ufetubus hits the komodo dragon.
Your ufetubus hits the komodo dragon but does no damage.
You swap places.
Your ufetubus hits the komodo dragon but does no damage.
Your ufetubus barely misses the komodo dragon.
The komodo dragon misses your ufetubus.
Your ufetubus barely misses the komodo dragon.
Your ufetubus hits the komodo dragon.
Your ufetubus hits the komodo dragon. x2
Your ufetubus hits the komodo dragon.
Your ufetubus barely misses the komodo dragon.
A goblin comes into view. It is wielding a +0 club.
The goblin shouts! "Heh heh heh..."
The goblin looks rather confused.
The komodo dragon looks rather confused.
Your ufetubus barely misses the komodo dragon.
Your ufetubus hits the komodo dragon. Your ufetubus hits the komodo dragon.
Your ufetubus barely misses the komodo dragon.
The komodo dragon bites your ufetubus!!
Your ufetubus is killed!
The komodo dragon hisses angrily.
The komodo dragon seems less confused.
Found 3 gold pieces.
You aren't carrying any items that you can evoke.
Your butterfly disappears in a puff of smoke!
A jackal comes into view.
A jackal comes into view.
The jackal barks!
You hear a bark!
The jackal bites you but does no damage.
The jackal barely misses you.
You riposte.
You hit the jackal. You drain the jackal.
You kill the jackal!
The jackal pauses to sniff the ground.
You hit the jackal. Lightning courses through the jackal!!
You kill the jackal!
Your Fighting skill increases to level 3!
Xom opens a gate.
The komodo dragon barely misses you.
You see here a jackal corpse.
You swap places.
The komodo dragon bites your white imp!!
Your white imp dies! "Serve the mortal, my child!"
Your iron imp barely misses the komodo dragon.
Your iron imp hits the komodo dragon.
The komodo dragon changes into a death drake!
Your iron imp barely misses the death drake.
The death drake breathes miasma at you. The foul vapour engulfs you!!
You are lethally poisoned!
Ouch! That really hurt!
You die... "Hey, things were just getting interesting!"
Xom revives you!
You are engulfed in dark miasma.
You are more poisoned.
You die...
Xom thinks this is hilarious!

..$.... #........# #≈
.......###########.5......####≈
.........................†..#≈
...)...............########.##
####............k.# #..'
#...$.....[.☼..# ####
#........○○☼○..# #≈
#.......÷○○○...# #≈
#........@○○...# #≈
#.........○....# #≈
####................. b ##
#........÷........... #
#.....................
#.....................
#.........#...####.##
#.........#...# .#
#.(.......#...#


You could see a death drake shaped shifter and a friendly iron imp.

Vanquished Creatures
  2 bats (D:1)
  A giant cockroach (D:1)
  A hobgoblin (D:1)
  5 jackals (D:1)
  A quokka (D:1)
  A ball python (D:1)
  A frilled lizard (D:1)
12 creatures vanquished.

Vanquished Creatures (collateral kills)
  A goblin (D:1)
1 creature vanquished.

Grand Total: 13 creatures vanquished

Notes
Turn   | Place    | Note
-------+----------+-------------------------------------------
     0 | D:1      | Monsterracer the Halfling Chaos Knight began the quest for
                  | the Orb.
     0 | D:1      | Reached XP level 1. HP: 15/15 MP: 1/1
     5 | D:1      | XOM: harmless Conj miscast
    11 | D:1      | XOM: divination: detect creatures
    57 | D:1      | Reached XP level 2. HP: 12/20 MP: 2/2
    57 | D:1      | HP: 8/20 [goblin (4)]
   140 | D:1      | XOM: mild Hex miscast
   272 | D:1      | Noticed a shapeshifter
   272 | D:1      | a jackal changed into a shapeshifter
   272 | D:1      | XOM: confuse monster(s)
   272 | D:1      | Noticed a shining eye
   272 | D:1      | a shapeshifter changed into a shining eye
   273 | D:1      | XOM: polymorph goblin -> quokka
   293 | D:1      | Noticed a dream sheep
   299 | D:1      | Noticed a shapeshifter
   299 | D:1      | a dream sheep changed into a shapeshifter
   299 | D:1      | XOM: polymorph dream sheep -> shapeshifter
   299 | D:1      | Noticed a human
   299 | D:1      | a shapeshifter changed into a human
   300 | D:1      | XOM: confuse monster(s)
   306 | D:1      | XOM: summons friendly ufetubus
   317 | D:1      | Noticed a queen bee
   317 | D:1      | a human changed into a queen bee
   319 | D:1      | Noticed a komodo dragon
   319 | D:1      | a queen bee changed into a komodo dragon
   320 | D:1      | HP: 3/20 [komodo dragon (shapeshifter) (15)]
   320 | D:1      | XOM: butterfly on damage
   328 | D:1      | XOM: confuse monster(s)
   345 | D:1      | XOM: summons friendly white imp
   350 | D:1      | XOM: summons friendly iron imp
   357 | D:1      | Noticed a death drake
   357 | D:1      | a komodo dragon changed into a death drake
   361 | D:1      | Xom revived you
   362 | D:1      | Engulfed by a death drake (shapeshifter)'s foul pestilence

Levels and vault maps discovered:
D:1:      saegor_arrival_miasma, layout_basic

Skill      XL: |  1  2 |
---------------+-------+-----
Fighting       | 3 |  3.0
Long Blades    | |  3.5
Armour         | |  2.1
Dodging        | |  1.1

Action                   || total
-------------------------++-------
Melee: Falchion          ||    38
 Stab: Distracted        ||     1
       Confused          ||     1
Armor: Leather armour    ||    27
Dodge: Dodged            ||    41
       Rpst.: Falchion   ||    11
